Map: Dreamcatcher LE

Players

Has - Winner!

  • Race: Protoss Protoss
  • Spawn Location: 11:00

Kelazhur

  • Race: Terran Terran
  • Spawn Location: 5:00

Event: WCS Valencia 2018

VOD

Have the link to the VOD?

Description

Time

  • Played on: July 13, 2018, 1:56 p.m.
  • Length: 14:49

All games in this series

Show
View Real Time Build Order
Export as new Build Order

Has Protoss - Winner!

Build Orders: Phoenix Opening 

Get SALT Encoding   

  12  0:08  Pylon  
  12  0:13  Probe  
  13  0:26  Gateway  
  13  0:30  Probe  
  14  0:42  Probe  
  15  0:44  Assimilator  
  15  0:54  Probe  
  15  0:56  Assimilator  
  16  1:06  Probe  
  17  1:14  Cybernetics Core  
  17  1:16  Probe  
  17  1:24  Probe  
  18  1:31  Pylon  
  19  1:32  Probe  
  20  1:41  Adept  
  20  1:45  Probe  
  21  1:51  Warp Gate  
  23  1:57  Probe  
  24  2:09  Probe  
  24  2:10  Stargate  
  24  2:13  Adept  
  27  2:21  Probe  
  27  2:22  Pylon  
  28  2:47  Phoenix  
  30  2:52  Nexus  
  30  3:02  Shield Battery  
  30  3:11  Phoenix  
  30  3:12  Stalker  
  34  3:23  Probe  
  35  3:28  Pylon  
  35  3:35  Phoenix  
  35  3:40  Probe  
  38  3:56  Probe  
  38  4:00  Phoenix  
  38  4:01  Stalker  
  43  4:05  Probe  
  43  4:08  Probe  
  45  4:18  Probe  
  44  4:31  Probe x2  
  44  4:33  Stalker  
  45  4:39  Probe x2  
  43  4:47  Probe x2  
  41  4:53  Phoenix  
  41  4:58  Probe x2  
  45  5:10  Probe  
  45  5:11  Probe  
  47  5:15  Forge  
  47  5:19  Oracle, Probe  
  47  5:20  Probe  
  50  5:27  Probe  
  50  5:28  Pylon  
  52  5:29  Probe  
  52  5:31  Stalker  
  52  5:32  Shield Battery  
  56  5:37  Probe  
  56  5:39  Probe  
  58  5:46  Robotics Facility  
  58  5:48  Shield Battery  
  58  5:52  Probe  
  58  5:53  Probe  
  60  6:03  Probe  
  60  6:05  Probe  
  60  6:11  Protoss Ground Armor Level 1, Probe  
  62  6:12  Twilight Council  
  62  6:17  Probe  
  64  6:20  Probe  
  65  6:26  Observer  
  65  6:28  Gateway x2  
  65  6:29  Gateway, Probe  
  66  6:33  Probe  
  66  6:37  Pylon  
  68  6:41  Probe  
  70  6:49  Nexus, Assimilator  
  69  6:56  Immortal  
  69  6:57  Probe  
  74  7:04  Probe, Charge  
  73  7:10  Probe  
  74  7:22  Probe  
  75  7:23  Probe  
  76  7:33  Gateway  
  76  7:35  Probe  
  76  7:36  Gateway  
  78  7:38  Gateway  
  78  7:40  Gateway x2  
  78  7:41  Observer  
  78  7:46  Pylon  
  78  7:48  Pylon  
  78  7:51  Probe  
  78  7:59  Immortal  
  78  8:00  Probe  
  78  8:04  Sentry x3  
  78  8:05  Zealot  
  91  8:09  Gateway, Probe  
  91  8:11  Pylon  
  91  8:12  Probe  
  93  8:14  Shield Battery  
  93  8:17  Probe  
  94  8:21  Probe  
  94  8:23  Protoss Ground Armor Level 2  
  95  8:28  Zealot x4  
  95  8:32  Pylon  
  103  8:34  Pylon  
  103  8:35  Pylon  
  103  8:44  Zealot  
  103  8:45  Zealot x4  
  113  8:49  Warp Prism  
  114  8:56  Zealot  
  114  8:57  Zealot x2  
  114  8:58  Zealot  
  122  9:08  Blink  
  118  9:15  Zealot x6  
  109  9:18  Stalker x2  
  109  9:19  Stalker  
  109  9:21  Stalker  
  106  9:48  Zealot x10  
  124  10:16  Immortal  
  124  10:21  Stalker x10  
  130  10:25  Pylon  
  130  10:27  Pylon  
  134  10:32  Pylon  
  134  10:33  Pylon  
  134  10:48  Zealot x10  
  130  11:09  Adept x10  
  136  11:30  Zealot x10  
  127  11:51  Sentry x5  
  137  11:54  Zealot  
  137  11:55  Zealot  
  137  11:58  Nexus  
  137  12:17  Pylon  
  137  12:36  Zealot x8  
  137  12:37  Zealot x2  
  157  12:41  Pylon  
  157  13:00  Stalker x5  
  157  13:01  Stalker  
  169  13:15  Zealot x2  
  169  13:16  Zealot x2  
  176  13:24  Zealot x5  
  167  13:55  Stalker  
  167  13:56  Stalker x6  
  167  13:57  Stalker x3  
  183  14:33  Stalker  
  183  14:34  Stalker x6  
  183  14:35  Zealot  
Show
View Real Time Build Order
Export as new Build Order

Kelazhur Terran 

Build Orders: Cyclone Opening, MMM Bio 

Get SALT Encoding   

  12  0:00  SCV  
  13  0:12  SCV  
  14  0:17  Supply Depot  
  14  0:24  SCV  
  14  0:27  Refinery  
  15  0:38  SCV  
  16  0:44  Barracks  
  16  0:50  SCV  
  16  0:54  Refinery  
  17  1:02  SCV  
  18  1:14  SCV  
  19  1:30  Orbital Command  
  19  1:31  Marine  
  20  1:36  Factory  
  20  1:48  Supply Depot  
  20  1:50  Barracks Reactor  
  20  1:57  SCV  
  21  2:09  SCV  
  22  2:20  Cyclone  
  22  2:21  SCV  
  26  2:25  Bunker  
  26  2:26  Marine x2  
  28  2:33  Starport  
  28  2:36  SCV  
  29  2:44  Marine x2  
  31  2:55  Supply Depot  
  31  3:04  SCV  
  32  3:10  Cyclone x2  
  38  3:22  Viking  
  40  3:28  Supply Depot  
  40  3:31  SCV  
  40  3:45  SCV  
  41  3:54  Cyclone x2  
  47  4:16  Command Center  
  45  4:39  Widow Mine  
  45  4:40  Widow Mine  
  45  4:45  SCV  
  42  4:47  Starport Tech Lab  
  42  4:52  Engineering Bay  
  39  4:57  SCV  
  40  5:01  Bunker, Widow Mine x2  
  40  5:07  Cloaking Field  
  44  5:09  SCV  
  42  5:15  Banshee  
  45  5:24  Missile Turret  
  45  5:26  SCV  
  45  5:27  Marine  
  47  5:34  Orbital Command  
  47  5:38  SCV  
  47  5:51  SCV  
  47  5:56  Barracks Tech Lab  
  48  5:59  Banshee  
  48  6:01  SCV  
  48  6:03  SCV  
  53  6:04  Command Center  
  53  6:13  SCV  
  53  6:16  SCV  
  53  6:17  Stimpack, Barracks  
  53  6:18  Marine  
  56  6:24  Barracks  
  56  6:25  SCV  
  57  6:29  Terran Infantry Weapons Level 1  
  57  6:30  SCV  
  58  6:35  Refinery  
  58  6:36  Refinery  
  58  6:37  SCV  
  59  6:42  SCV  
  59  6:43  Marine  
  59  6:45  Widow Mine  
  59  6:46  Widow Mine  
  65  6:49  SCV  
  63  6:54  SCV  
  64  7:01  SCV, Missile Turret  
  64  7:06  SCV  
  64  7:13  SCV  
  63  7:17  Orbital Command  
  63  7:18  SCV, Barracks  
  63  7:19  Barracks  
  63  7:20  Factory Reactor, Starport Reactor  
  63  7:22  Marauder x2  
  68  7:25  SCV, Marine x2  
  71  7:35  Supply Depot, Combat Shields  
  71  7:36  Supply Depot  
  72  7:37  SCV  
  74  7:44  Marine, Marauder x2  
  77  7:51  Supply Depot  
  77  7:53  Marine  
  78  7:58  Medivac  
  78  7:59  Medivac  
  78  8:03  Supply Depot, SCV, Marine  
  78  8:04  SCV  
  85  8:08  Barracks Reactor  
  85  8:09  Barracks Tech Lab, Marauder x2  
  85  8:12  Widow Mine x2  
  93  8:15  Marine  
  94  8:24  Marine  
  94  8:26  Orbital Command  
  94  8:28  Medivac  
  94  8:29  Medivac  
  94  8:30  Marauder  
  94  8:31  Marauder x2  
  104  8:38  SCV  
  104  8:41  Missile Turret  
  104  8:50  Marine x2  
  104  8:51  Marine  
  104  8:52  Marauder x2  
  104  8:53  Marauder  
  113  8:57  Marine  
  113  8:58  Medivac  
  116  9:07  Supply Depot  
  116  9:09  Supply Depot  
  114  9:13  Marauder  
  103  9:17  Marine x2, Marauder x2  
  103  9:18  Widow Mine x2, Marine x2  
  111  9:24  SCV  
  109  9:34  Marine  
  108  9:38  Marauder  
  108  9:39  Marauder  
  108  9:42  Widow Mine x2, Marine  
  108  9:43  Marine  
  108  9:45  Concussive Shells  
  113  9:46  SCV  
  116  9:52  Marauder  
  116  9:54  Medivac  
  116  9:57  SCV  
  116  9:58  SCV, Marine  
  121  10:03  Widow Mine x2  
  123  10:11  Marine  
  123  10:12  SCV  
  123  10:14  SCV, Marine  
  122  10:18  Marine  
  114  10:23  Marine x3, Marauder  
  114  10:24  Widow Mine, SCV  
  114  10:25  Widow Mine  
  124  10:29  Viking  
  126  10:43  Marine, Marauder  
  125  10:54  Command Center  
  118  11:14  Widow Mine  
  118  11:15  Widow Mine  
  115  11:20  Marine  
  115  11:21  Marine x2  
  118  11:27  Marine  
  118  11:29  Marine  
  118  11:33  Marine x2  
  116  11:44  Marine  
  116  11:45  Marine x2  
  116  11:47  Terran Infantry Armor Level 1, Marine x2  
  118  11:51  Marine  
  118  11:52  Armory, Command Center  
  103  12:03  Marine x2, Marauder  
  103  12:05  Marine  
  103  12:06  Widow Mine  
  103  12:07  Widow Mine  
  112  12:16  Marine, Marauder x2  
  112  12:21  Marine  
  118  12:29  Supply Depot  
  118  12:31  Supply Depot  
  118  12:49  Engineering Bay  
  118  12:50  Marine x2  
  118  12:51  Medivac x2, Marauder  
  126  12:53  Widow Mine x2, Marine x2, Marauder x2  
  136  13:00  Supply Depot  
  136  13:08  Marine x2  
  136  13:11  Marine x2  
  136  13:12  Marauder  
  132  13:15  Liberator, Marauder  
  132  13:16  Liberator  
  134  13:23  Marauder  
  127  13:30  Marine x3  
  127  13:32  Widow Mine x2  
  127  13:34  Marauder  
  141  13:52  Marauder  
  140  14:01  Marauder  
  142  14:09  Marauder  
  138  14:22  Marine x2  
  138  14:23  Marauder x2  
  142  14:25  Marine  
  142  14:30  Marine  
Tags
 
Add a new tag
Caveats
  • Supply blocks, unpowered buildings, or Contaminate may cause inaccurate times.
  • Supply counts are checked every 10 seconds.